 Dungeon Crawl Stone Soup version 0.27-a0-1529-g1e82c303ef (webtiles) character file.

Game seed: 5899015353818249233

1066 tilp the Sneak (level 8, 0/60 HPs)
             Began as a Barachi Summoner on July 11, 2021.
             Was a Believer of Okawaru.
             Slain by a phantom (8 damage)
             ... on level 5 of the Dungeon.
             The game lasted 00:10:30 (7495 turns).

tilp the Sneak (Barachi Summoner)                   Turns: 7495, Time: 00:10:31

Health: 0/60       AC:  5    Str: 12    XL:     8   Next: 28%
Magic:  10/12      EV: 12    Int: 15    God:    Okawaru [**....]
Gold:   120        SH:  0    Dex: 13    Spells: 0/13 levels left

rFire    . . .     SeeInvis .   a - +0 trident
rCold    . . .     Faith    .   (no shield)
rNeg     . . .     Spirit   .   q - +0 leather armour
rPois    .         Reflect  .   j - +1 helmet
rElec    .         Harm     .   (no cloak)
rCorr    .         Rampage  .   (no gloves)
Will     .....                  (no boots)
Stlth    +++.......             (no amulet)
HPRegen  0.20/turn              (no ring)
MPRegen  0.13/turn              (no ring)

@: slow
A: amphibious, slowness 1, strong legs 1, +LOS
a: Hop, Renounce Religion, Heroism


You were on level 5 of the Dungeon.
You worshipped Okawaru.
Okawaru was pleased with you.
You visited 1 branch of the dungeon, and saw 5 of its levels.

You collected 170 gold pieces.
You spent 50 gold pieces at shops.

Inventory:

Hand Weapons
 a - a +0 trident (weapon)
 b - a +0 short sword
Missiles
 f - 34 poisoned darts (quivered)
Armour
 e - a +0 robe
 j - a +1 helmet (worn)
 q - a +0 leather armour (worn)
Scrolls
 k - a scroll of amnesia {unknown}
 o - 2 scrolls of noise {unknown}
 p - a scroll of immolation {unknown}
 s - a scroll of fog {unknown}
 t - a scroll of magic mapping
 u - a scroll of enchant armour {unknown}
Potions
 c - 3 potions of attraction
 d - 3 potions of curing
 g - 2 potions of lignification
 h - a potion of resistance
 i - 2 potions of haste {unknown}
 l - a potion of invisibility {unknown}
 m - 2 potions of heal wounds {unknown}
 n - 3 potions of cancellation
 r - a potion of flight {unknown}


   Skills:
 - Level 4.0 Fighting
 - Level 4.0 Dodging
 * Level 7.5 Stealth
 - Level 3.0 Spellcasting
 - Level 6.0 Summonings


You couldn't memorise any spells.
You knew the following spells:

 Your Spells              Type           Power      Damage    Failure   Level
a - Summon Small Mammal   Summ           80%        N/A       2%          1
b - Call Imp              Summ           20%        N/A       3%          2
c - Call Canine Familiar  Summ           20%        N/A       6%          3
d - Summon Guardian Gole  Hex/Summ       11%        N/A       22%         3
e - Summon Lightning Spi  Summ/Air       11%        N/A       58%         4

Your spell library contained the following spells:

 Spells                   Type           Power      Damage    Failure   Level
 Animate Skeleton         Necr           4%         N/A       26%         1
 Pain                     Necr           8%         1d4       26%         1
 Corpse Rot               Necr/Air       N/A        N/A       36%         2
 Static Discharge         Conj/Air       2%         N/A       36%         2
 Vampiric Draining        Necr           1%         2d6       58%         3
 Excruciating Wounds      Necr           1%         N/A       100%        5
 Lightning Bolt           Conj/Air       1%         1d12      100%        5
 Manifold Assault         Tloc           2%         N/A       100%        5
 Dispersal                Tloc           1%         N/A       100%        6
 Maxwell's Capacitive Co  Air            1%         ∞         100%        8


Dungeon Overview and Level Annotations

Branches:
Dungeon (5/15)             Temple (0/1) D:4

Altars:
Ashenzari
Okawaru
Qazlal
Trog
Vehumet

Shops:
D:2 ?

Portals:
Abyss: D:5

Annotations:
D:3 Terence has disto!, Terence
D:4 exclusion: oklob sapling, Grinder
D:5 2 transporters, nago's ghost, novice DjWn


Innate Abilities, Weirdness & Mutations

You are amphibious.
You cover ground slowly.
You can hop short distances.
You have an extended range of vision and can be seen from far away.


Message History

Press: ? - help, Dir - move target, f/p - phantom
Aim: a phantom (heavily damaged, ally target, about 54% to evade your +0 trident)
You closely miss the phantom.
The phantom is heavily damaged.
Your hound closely misses the phantom. x2; The phantom closely misses you.
Reach: a) +0 trident
Press: ? - help, Dir - move target, f/p - phantom
Aim: a phantom (heavily damaged, ally target, about 54% to evade your +0 trident)
You hit the phantom but do no damage.
The phantom is heavily damaged.
Your hound closely misses the phantom.
The phantom barely misses you.
Your hound closely misses the phantom.
Reach: a) +0 trident
Press: ? - help, Dir - move target, f/p - phantom
Aim: a phantom (heavily damaged, ally target, about 54% to evade your +0 trident)
You closely miss the phantom.
The phantom is heavily damaged.
Your hound bites the phantom but does no damage.
The phantom hits you.
* * * LOW HITPOINT WARNING * * *
Your hound bites the phantom but does no damage.
The phantom hits you.
* * * LOW HITPOINT WARNING * * *
The phantom blinks!
You blink.
Unknown command.
You barely miss the phantom.
The phantom is heavily damaged.
Your hound misses the phantom.
Your hound bites the phantom.
The phantom hits you!
* * * LOW HITPOINT WARNING * * *
The phantom blinks!
You blink.
Unknown command.
You feel better. The phantom barely misses you.
Unknown command.
Really quaff the potion of lignification?
Okay, then.
You hit the phantom but do no damage.
The phantom is severely damaged.
The phantom hits you!
You die...

#.# #.# #. #.# ######.# #. #.#
#......# #. ####.### #.####.#
#. ##......###.# #.# #.
#...........# #.# #.
#..##.#.##..####.# #. ##
#..##............#### #.
.#######..####..@W.........#
## ..........# ####h.#######.#
.#####....### #..### #.#
............### #§§..#####.###
###..###......###.##.#.......#
#.####.##.###...§..#.#.#.....#
.#
...#####......#...#.....####
.#
.#^.5..5#..###...#####.>....#
.# #.##....##).#
###...#......#.#


You could see a phantom (ally target) and a friendly hound (summoned).

Vanquished Creatures
  A necrophage (D:5)
  An ogre (D:4)
  A scorpion (D:5)
  A water moccasin zombie (D:5)
  A jelly (D:5)
  A hound (D:5)
  3 adders
  A gnoll (D:4)
  A dart slug (D:5)
  An orc (D:5)
  6 ball pythons
  4 bats
  2 endoplasms
  2 giant cockroaches
  3 hobgoblins
  4 jackals (D:2)
  3 frilled lizards
  10 goblins
  3 kobolds
  2 rats (D:1)
51 creatures vanquished.

Vanquished Creatures (collateral kills)
  A centaur zombie (D:5)
  Duvessa (D:4)
  Purgy (D:4)
  A phantom (D:4)
  Dowan (D:4)
  2 scorpions
  A water moccasin zombie (D:5)
  A howler monkey (D:5)
  2 hounds (D:4)
  A bullfrog skeleton (D:5)
  An iguana (D:5)
  Robin (D:3)
  An adder zombie (D:5)
  A worm (D:3)
  A dart slug (D:1)
  An orc (D:3)
  6 endoplasms
  A giant cockroach (D:2)
  A goblin (D:2)
  2 hobgoblins (D:2)
  2 jackals (D:2)
  A kobold (D:1)
  A quokka (D:2)
  2 ball pythons
  2 frilled lizards
36 creatures vanquished.

Vanquished Creatures (others)
  A fungus (D:1)
1 creature vanquished.

Grand Total: 88 creatures vanquished

Notes
Turn   | Place    | Note
-------+----------+-------------------------------------------
     0 | D:1      | tilp the Barachi Summoner began the quest for the Orb.
     0 | D:1      | Reached XP level 1. HP: 13/13 MP: 3/3
   366 | D:1      | Found a faded altar of an unknown god.
   478 | D:1      | Reached skill level 1 in Fighting
   617 | D:1      | Reached XP level 2. HP: 22/22 MP: 3/5
   674 | D:1      | Learned a level 2 spell: Call Imp
  1166 | D:1      | Reached skill level 5 in Summonings
  1413 | D:2      | Reached XP level 3. HP: 18/27 MP: 0/6
  1417 | D:2      | Learned a level 3 spell: Call Canine Familiar
  2120 | D:2      | Found Onesoh's Magic Scroll Shoppe.
  2138 | D:2      | Bought a scroll of identify for 20 gold pieces
  2138 | D:2      | Bought a scroll of teleportation for 30 gold pieces
  2215 | D:2      | Got the Almanac of Sinister Orientation
  2386 | D:3      | Noticed Robin
  2613 | D:3      | Noticed Terence
  2972 | D:3      | Reached XP level 4. HP: 19/33 MP: 4/8
  3701 | D:3      | Killed Robin
  4047 | D:4      | Noticed a scorpion
  4061 | D:4      | Killed a scorpion
  4062 | D:4      | Reached skill level 2 in Stealth
  4062 | D:4      | Reached XP level 5. HP: 23/39 MP: 4/9
  4188 | D:4      | Found a radiant altar of Vehumet.
  4206 | D:4      | Found a stormy altar of Qazlal.
  4241 | D:4      | Noticed Duvessa
  4241 | D:4      | Noticed Dowan
  4274 | D:4      | Killed Duvessa
  4275 | D:4      | Reached skill level 3 in Stealth
  4690 | D:4      | Killed Dowan
  4691 | D:4      | Reached XP level 6. HP: 37/47 MP: 3/10
  4797 | D:4      | Found an iron altar of Okawaru.
  5028 | D:4      | Became a worshipper of Warmaster Okawaru
  5141 | D:4      | Noticed Purgy
  5191 | D:4      | Found a staircase to the Ecumenical Temple.
  5622 | D:4      | Noticed Grinder
  6051 | D:4      | Killed Purgy
  6052 | D:4      | Reached skill level 4 in Stealth
  6130 | D:4      | Found a bloodstained altar of Trog.
  6164 | D:4      | Reached XP level 7. HP: 35/53 MP: 4/11
  6395 | D:5      | Entered Level 5 of the Dungeon
  6693 | D:5      | Reached * piety under Okawaru
  6694 | D:5      | Reached skill level 5 in Stealth
  6711 | D:5      | Found a broken altar of Ashenzari.
  6909 | D:5      | Identified the +5 flail "Dileddih" {antimagic, rN+ Will-
                  | Str+2 Dex+8}
  6925 | D:5      | Found a transporter.
  6925 | D:5      | Found a transporter.
  6929 | D:5      | Noticed a small abomination
  6942 | D:5      | Noticed nago's ghost (novice DjWn)
  6954 | D:5      | Found a one-way gate to the infinite horrors of the Abyss.
  6970 | D:5      | Reached ** piety under Okawaru
  6971 | D:5      | Reached skill level 6 in Stealth
  6971 | D:5      | Reached XP level 8. HP: 48/60 MP: 10/12
  6976 | D:5      | Reached skill level 7 in Stealth
  6976 | D:5      | Noticed a toenail golem
  7005 | D:5      | Learned a level 3 spell: Summon Guardian Golem
  7018 | D:5      | Learned a level 4 spell: Summon Lightning Spire
  7493 | D:5      | HP: 1/60 [phantom (8)]
  7495 | D:5      | Slain by a phantom

Illustrated notes

Levels and vault maps discovered:
D:1:      dpeg_arrival_boxorama, layout_loops_ring,
          shapermc_ecumenical_altar_acropolis
D:2:      layout_rooms, serial_shops, shop, hex_medium
D:3:      layout_rooms, chequers_serial_rivers_large_a, minmay_crystal_water,
          hangedman_decor_push, uniq_robin, uniq_terence
D:4:      layout_basic, nicolae_overflow_crystal_walls,
          mainiacjoe_overflow_concentric_impassable, trog_three_pillars_becter,
          vehumet_crystals, minmay_temple_entry_oklob, nrook_uturn,
          cheibrodos_gnoll_hut, uniq_duvessa, uniq_grinder, uniq_purgy
D:5:      layout_loops_ring, cheibrodos_ashenzari_chains,
          gammafunk_ghost_abyssal_escape

Skill      XL: |  1  2  3  4  5  6  7  8 |
---------------+-------------------------+-----
Fighting       | 1 2 3 4 |  4.0
Summonings     | 5 6 |  6.0
Spellcasting   | 3 |  3.0
Stealth        | 2 3 4 6 7 |  7.5
Dodging        | 3 4 |  4.0

Action                   |  1- 3 |  4- 6 |  7- 9 || total
-------------------------+-------+-------+-------++-------
Melee: Short sword       |    95 |       |       ||    95
       Unarmed           |     3 |       |       ||     3
       Trident           |    15 |    90 |    90 ||   195
Throw: Dart              |       |     4 |     5 ||     9
 Cast: Summon Small Mamm |    14 |     1 |       ||    15
       Call Imp          |    41 |    22 |     4 ||    67
       Call Canine Famil |       |    13 |    13 ||    26
 Abil: Hop               |       |     2 |     1 ||     3
  Use: Scroll            |     6 |     2 |       ||     8
       Potion            |     1 |       |     1 ||     2
 Stab: Sleeping          |     2 |       |     1 ||     3
Armor: Robe              |    53 |    13 |       ||    66
       Leather armour    |       |    13 |    30 ||    43
Dodge: Dodged            |   108 |    42 |    57 ||   207

Table legend: (Time is in decaauts)
 A = Elapsed time spent in this place.
 B = Non-inter-level travel time spent in this place.
 C = Inter-level travel time spent in this place.
 D = Time resting spent in this place.
 E = Time spent auto-exploring this place.
 F = Levels seen in this place.
 G = Mean time per level.
                   A        B        C        D        E       F      G
               +--------+--------+--------+--------+--------+-----+--------+
         Total |   8156 |   7855 |    301 |   2780 |   4006 |   5 | 1631.2 |
       Dungeon |   8156 |   7855 |    301 |   2780 |   4006 |   5 | 1631.2 |
               +--------+--------+--------+--------+--------+-----+--------+

Top non-repeatable levels by time:
     D:3: 2060 daAuts
     D:4: 1818 daAuts
     D:2: 1588 daAuts
     D:1: 1466 daAuts
     D:5: 1222 daAuts
